 Dungeon Sprint DCSS version 0.22.1-1-ga44c0e56f4 (webtiles) character file.

16569 MuseOD the Unseen (level 12, -36/70 HPs)
             Began as a Spriggan Enchanter on Oct 3, 2018.
             Was the Champion of Dithmenos.
             Killed from afar by Ilsuiw (49 damage)
             ... with a shard of ice
             ... in the Dungeon (Sprint III: "The Ten Rune Challenge").
             The game lasted 00:08:22 (3571 turns).

MuseOD the Unseen (Spriggan Enchanter)              Turns: 3571, Time: 00:08:23

Health: -36/70     AC:  2    Str:  4    XL:     12   Next: 11%
Magic:  24/30      EV: 22    Int: 20    God:    Dithmenos [******]
Gold:   115        SH:  0    Dex: 18    Spells: 25/37 levels left

rFire    . . .     SeeInvis +   a - +1 dagger
rCold    . . .     Gourm    .   (shield restricted)
rNeg     . . .     Faith    .   b - +0 robe
rPois    .         Spirit   .   (helmet restricted)
rElec    .         Reflect  .   (no cloak)
rCorr    .         Harm     .   (gloves unavailable)
MR       ++...     Clarity  +   (boots unavailable) Stlth +++++++...NoTele +
                                (no amulet)
HPRegen  0.21/turn              (no ring)
MPRegen  0.22/turn              (no ring)

@: wreathed by umbra, slow
A: very small, unfitting armour, claws 1, hooves 1, see invisible, clarity,
herbivore, speed 3, slow metabolism 2
a: Shadow Step, Shadow Form, Renounce Religion


You were in the Dungeon.
You worshipped Dithmenos.
Dithmenos was exalted by your worship.
You were very hungry.

You visited 1 branch You collected 115 gold pieces.

Inventory:

Hand Weapons
 a - a +1 dagger (weapon)
Armour
 b - a +0 robe (worn)
Wands
 c - a wand of iceblast (6)
Scrolls
 j - a scroll of blinking
 k - a scroll of holy word {unknown}
 l - 3 scrolls of identify
 m - a scroll of fog {unknown}
 p - 5 scrolls of torment
 q - a scroll of enchant armour {unknown}
Potions
 e - a potion of curing
 f - a potion of heal wounds
 g - a potion of haste
 h - 2 potions of magic
 i - a potion of berserk rage
 n - a potion of degeneration {unknown}
 r - a potion of might
Comestibles
 d - 4 rations


   Skills:
 - Level 11.2 Fighting
 - Level 19.1 Short Blades
 + Level 6.2 Dodging
 - Level 19.4 Stealth
 - Level 13.0 Spellcasting
 * Level 3.9 Conjurations
 - Level 13.3 Hexes


You had 25 spell levels left.
You knew the following spells:

 Your Spells              Type           Power        Failure   Level  Hunger
a - Corona                Hex            ######.      1%          1    None
b - Ensorcelled Hibernat  Hex/Ice        #####.       1%          2    None
c - Confuse               Hex            ######..     1%          3    None
d - Dazzling Spray        Conj/Hex       #####.       1%          3    None
e - Mephitic Cloud        Conj/Pois/Air  ###.....     9%          3    None

Your spell library contained the following spells:

 Spells                   Type           Power        Failure   Level  Hunger
 Confusing Touch          Hex            ######       1%          1    None
 Tukima's Dance           Hex            ######..     1%          3    None
 Animate Skeleton         Necr           N/A          4%          1    None
 Apportation              Tloc           ##....       4%          1    None
 Summon Small Mammal      Summ           ##..         4%          1    None
 Silence                  Hex/Air        #####.....   9%          5    ####...
 Ice Form                 Ice/Tmut       ##......     45%         4    None
 Ozocubu's Refrigeration  Ice            ##........   100%        6    #####..
 Tornado                  Air            ##........   100%        9    #######


Dungeon Overview and Level Annotations

Branches:
Dungeon (1/1)

Altars:
Dithmenos
Elyvilon
Kikubaaqudgha
Okawaru
Ru
Sif Muna
Trog
Uskayaw
Vehumet
Wu Jian
Yredelemnul
Zin
The Shining One
Beogh

Shops:
D :=*?!*(=%(}[

Annotations:
D exclusion: orange crystal statue, Ilsuiw


Innate Abilities, Weirdness & Mutations

You are very small and have problems with some larger weapons.
You are too small for most types of armour.
You have supernaturally acute eyesight. (SInv)
You are a herbivore.
You cover ground extremely quickly.
You need to consume almost no food.
You have sharp fingernails.
You have large cloven feet.
You possess an exceptional clarity of mind.


Message History

Ilsuiw is engulfed in noxious fumes.
Ilsuiw appears confused.
Aiming: Shadow Step
Press: ? - help, Dir - move target cursor, f/p - Ilsuiw
Aim: Ilsuiw, wielding a trident of freezing and wearing a robe (water, Really shadow step into a travel-excluded area?
You step into Ilsuiw's shadow.
You enter the shallow water.
Moving in this stuff is going to be slow.
Ilsuiw hits you with a trident of freezing!
Ilsuiw freezes you.
You are too injured to fight recklessly!
Your unstable footing causes you to fumble your attack.
Ilsuiw hits you with a trident of freezing!
* * * LOW HITPOINT WARNING * * *
Ilsuiw freezes you.
* * * LOW HITPOINT WARNING * * *
Ilsuiw seems less confused.
Ilsuiw points at you and mumbles some strange words.
The shard of ice hits you!
Ouch! That really hurt!
You die...

#___#
+...#.#.§§#...#...##.#.#.#
▓▓▓▓▓
▓▓▓▓▓▓▓▓▓▓▓▓▓▓▓▓▓▓#.#.#.#
♣♣≈≈≈........≈≈≈...##.#.#.#
+♣♣'♣≈≈≈≈≈≈≈≈≈≈≈≈♣♣P.'.#.#.#.
#.≈♣♣♣♣♣♣♣♣♣♣♣♣♣♣♣♣PP##.#.#.#
#..♣♣ ♣♣♣##'#####
###'♣♣♣♣♣♣♣♣♣♣♣♣♣♣♣ #...'(≈§
♣♣♣♣.##..##≈≈≈≈§§..# #...#.≈≈
♣...##.##.#≈≈@≈m...# #).)#.#§
♣♣.##.##.##'≈≈≈≈≈####
#####.#. ♣..#.##...#≈≈......§
#.PPP.## ♣♣.##.##.)#≈..+#####
#..P.P#G ♣♣.##.#####...#
#.))PP#+ ♣.....##§§....#
#..).P# ########+########
#+##### ▓≈§§≈≈≈≈≈≈ #§§...+
▓≈§§≈≈≈≈≈≈ #§#####


You could see Ilsuiw.

Vanquished Creatures
  Polyphemus (D)
  Harold (D)
  Azrael (D)
  Snorg (D)
  3 yaktaur captains (D)
  A centaur warrior (D)
  2 hydras (D)
  Urug (D)
  A sea snake (D)
  A death drake (D)
  An unseen horror (D)
  A lindwurm (D)
  Joseph (D)
  A deep elf mage (D)
  2 spiny frogs (D)
  A komodo dragon (D)
  A yaktaur (D)
  3 wandering mushrooms (D)
  2 tyrant leeches (D)
  An orc high priest (D)
  3 dream sheep (D)
  A shadow (D)
  3 redbacks (D)
  A necrophage (D)
  2 centaurs (D)
  An earth elemental (D)
  An electric eel (D)
  3 orc priests (D)
  A wizard (D)
  A jelly (D)
  Jessica (D)
  A necromancer (D)
  3 humans (D)
  A kobold demonologist (D)
  An ooze (D)
  A phantom (D)
  2 rats (D)
  A plant (D)
55 creatures vanquished.

Vanquished Creatures (others)
  2 draconian scorchers (D)
  3 yaktaurs (D)
  6 hellions (D)
11 creatures vanquished.

Grand Total: 66 creatures vanquished

Notes
Turn   | Place    | Note
-------+----------+-------------------------------------------
     0 | D        | MuseOD the Spriggan Enchanter began the quest for the Orb.
     0 | D        | Reached XP level 1. HP: 9/9 MP: 5/5
    15 | D        | Reached skill level 1 in Fighting
    15 | D        | Reached skill level 5 in Stealth
    66 | D        | Noticed Jessica
    67 | D        | Killed a yaktaur
    68 | D        | Killed Jessica
    68 | D        | Reached XP level 2. HP: 15/15 MP: 6/6
    68 | D        | Reached XP level 3. HP: 18/18 MP: 8/8
    74 | D        | Learned a level 2 spell: Ensorcelled Hibernation
    78 | D        | Learned a level 3 spell: Confuse
    96 | D        | Reached skill level 5 in Short Blades
   142 | D        | Killed a hellion
   144 | D        | Killed a hellion
   160 | D        | Gained mutation: You can translocate small distances at
                  | will. [potion of mutation]
   160 | D        | Gained mutation: You are robust. (+10% HP) [potion of
                  | mutation]
   160 | D        | Gained mutation: You have large cloven feet. [potion of
                  | mutation]
   161 | D        | Lost mutation: You are robust. (+10% HP) [potion of
                  | mutation]
   161 | D        | Lost mutation: You have large cloven feet. [potion of
                  | mutation]
   161 | D        | Gained mutation: You are partially covered in molten
                  | scales. (AC +2) [potion of mutation]
   161 | D        | Gained mutation: You have sharp fingernails. [potion of
                  | mutation]
   162 | D        | Lost mutation: You are partially covered in molten scales.
                  | (AC +2) [potion of mutation]
   162 | D        | Lost mutation: You can translocate small distances at will.
                  | [potion of mutation]
   162 | D        | Gained mutation: You are resistant to hostile enchantments.
                  | (MR+) [potion of mutation]
   162 | D        | Gained mutation: Your spells are a little harder to cast,
                  | but a little more powerful. [potion of mutation]
   162 | D        | Gained mutation: You are dopey. (Int -2) [potion of
                  | mutation]
   162 | D        | Gained mutation: You are somewhat resistant to further
                  | mutation. [potion of mutation]
   162 | D        | Killed a hellion
   163 | D        | Lost mutation: Your spells are a little harder to cast, but
                  | a little more powerful. [potion of mutation]
   163 | D        | Lost mutation: You are somewhat resistant to further
                  | mutation. [potion of mutation]
   163 | D        | Lost mutation: You are dopey. (Int -2) [potion of mutation]
   163 | D        | Lost mutation: You are resistant to hostile enchantments.
                  | (MR+) [potion of mutation]
   163 | D        | Gained mutation: You are covered in fur. (AC +1) [potion of
                  | mutation]
   163 | D        | Gained mutation: You have large cloven feet. [potion of
                  | mutation]
   163 | D        | Lost mutation: You are covered in fur. (AC +1) [potion of
                  | mutation]
   163 | D        | Gained mutation: You possess an exceptional clarity of
                  | mind. [potion of mutation]
   163 | D        | Killed a hellion
   171 | D        | Killed a hellion
   176 | D        | Noticed a water elemental
   202 | D        | Found a basalt altar of Yredelemnul.
   202 | D        | Found a shadowy altar of Dithmenos.
   202 | D        | Found a sacrificial altar of Ru.
   202 | D        | Noticed a necrophage
   202 | D        | Noticed a necromancer
   217 | D        | Killed a necrophage
   217 | D        | Reached XP level 4. HP: 25/25 MP: 2/9
   217 | D        | Reached XP level 5. HP: 29/29 MP: 2/10
   228 | D        | Became a worshipper of Dithmenos the Shadowed
   243 | D        | Killed a hellion
   279 | D        | Found a glowing silver altar of Zin.
   279 | D        | Found a glowing golden altar of the Shining One.
   279 | D        | Found a white marble altar of Elyvilon.
   279 | D        | Noticed a deep elf mage
   282 | D        | Killed a deep elf mage
   282 | D        | Reached XP level 6. HP: 36/36 MP: 11/11
   282 | D        | Reached XP level 7. HP: 40/40 MP: 12/12
   286 | D        | Killed a white draconian scorcher
   290 | D        | Found a radiant altar of Vehumet.
   291 | D        | Found a deep blue altar of Sif Muna.
   291 | D        | Found an ancient bone altar of Kikubaaqudgha.
   294 | D        | Reached * piety under Dithmenos
   310 | D        | Learned a level 3 spell: Dazzling Spray
   310 | D        | Found a hide-covered altar of Uskayaw.
   310 | D        | Found a roughly hewn altar of Beogh.
   310 | D        | Found an iron altar of Okawaru.
   310 | D        | Found a bloodstained altar of Trog.
   310 | D        | Found an ornate altar of the Wu Jian Council.
   310 | D        | Noticed a human
   310 | D        | Noticed a human
   313 | D        | Killed a human
   314 | D        | Killed a human
   314 | D        | Reached skill level 5 in Hexes
   337 | D        | Noticed a shadow
   339 | D        | Killed a shadow
   339 | D        | Reached ** piety under Dithmenos
   339 | D        | Reached XP level 8. HP: 46/46 MP: 14/16
   360 | D        | Noticed Snorg
   362 | D        | Killed Snorg
   388 | D        | Noticed a centaur warrior
   398 | D        | Reached *** piety under Dithmenos
   403 | D        | Reached XP level 9. HP: 26/51 MP: 5/20
   411 | D        | Killed a centaur warrior
   411 | D        | Reached skill level 15 in Stealth
   429 | D        | Killed a white draconian scorcher
   562 | D        | Noticed an unseen horror
   564 | D        | Killed an unseen horror
   564 | D        | Reached skill level 15 in Short Blades
   567 | D        | Noticed Harold
   567 | D        | Noticed Joseph
   569 | D        | Killed Joseph
   570 | D        | Killed Harold
   570 | D        | Reached **** piety under Dithmenos
   570 | D        | Reached skill level 10 in Hexes
   570 | D        | Reached XP level 10. HP: 54/58 MP: 17/24
   608 | D        | Noticed a yaktaur captain
   608 | D        | Noticed a yaktaur captain
   623 | D        | Reached skill level 10 in Spellcasting
   844 | D        | Noticed an orange crystal statue
   853 | D        | Found Cuatong's General Store.
   853 | D        | Found Plog's Jewellery Shop.
   853 | D        | Found Zehi's Magic Scroll Boutique.
   853 | D        | Found Syiryloang's Antique Armour Shoppe.
   853 | D        | Found Uhukeidu's Distillery.
   853 | D        | Found Zobo's Weapon Emporium.
   853 | D        | Found Adazug's General Store.
   853 | D        | Found Poetoryutz's Gadget Shop.
   853 | D        | Found Ziqo's Jewellery Shop.
   853 | D        | Found Guhapn's Antique Weapon Emporium.
   853 | D        | Found Padghumm's Book Emporium.
   853 | D        | Found Elasepsofu's Food Boutique.
  1007 | D        | Killed a yaktaur captain
  1164 | D        | Killed a yaktaur captain
  1164 | D        | Reached ***** piety under Dithmenos
  1291 | D        | Noticed a yaktaur captain
  1296 | D        | HP: 2/59 [yaktaur captain/bolt (29)]
  1730 | D        | HP: 1/59 [yaktaur captain/bolt (22)]
  1733 | D        | Killed a yaktaur captain
  1733 | D        | Reached skill level 10 in Fighting
  1733 | D        | Reached XP level 11. HP: 2/63 MP: 8/27
  1738 | D        | Noticed Azrael
  1740 | D        | Killed Azrael
  1831 | D        | Identified the Incunabulum of Congealing Air (You acquired
                  | it in the Dungeon)
  2110 | D        | Learned a level 3 spell: Mephitic Cloud
  2383 | D        | Reached ****** piety under Dithmenos
  2390 | D        | Noticed a lindwurm
  2401 | D        | Killed a lindwurm
  2590 | D        | Noticed Urug
  2592 | D        | Killed Urug
  2629 | D        | Noticed a five-headed hydra
  2629 | D        | Noticed a six-headed hydra
  2631 | D        | Killed a six-headed hydra
  2632 | D        | Killed a five-headed hydra
  2645 | D        | Noticed a death drake
  2648 | D        | Killed a death drake
  2669 | D        | Noticed Polyphemus
  2876 | D        | Noticed a sea snake
  2877 | D        | Noticed Ilsuiw
  2982 | D        | Killed a sea snake
  3387 | D        | Killed Polyphemus
  3387 | D        | Reached XP level 12. HP: 6/70 MP: 14/30
  3571 | D        | Killed from afar by Ilsuiw

Skill      XL: |  1  2  3  4  5  6  7  8  9 10 11 |
---------------+----------------------------------+-----
Fighting       | 2 3 6 7 8 9 10 11 | 11.2
Short Blades   | 4 7 11 12 14 16 17 19 | 19.1
Stealth        | 6 8 12 13 14 16 17 19 | 19.4
Spellcasting   | 4 7 9 11 13 | 13.0
Hexes          | 5 7 10 11 13 | 13.3
Dodging        | 6 |  6.2
Conjurations   | 3 |  3.9

Action                   |  1- 3 |  4- 6 |  7- 9 | 10-12 || total
-------------------------+-------+-------+-------+-------++-------
Melee: Dagger            |    26 |     7 |    22 |   122 ||   177
       Kick              |     1 |     1 |     5 |    45 ||    52
 Cast: Confuse           |     2 |       |     5 |    25 ||    32
       Ensorcelled Hiber |     1 |       |       |    10 ||    11
       Dazzling Spray    |       |       |       |    13 ||    13
       Mephitic Cloud    |       |       |       |     5 ||     5
Invok: Shadow Step       |       |       |     1 |     4 ||     5
  Use: Potion            |     5 |       |       |     3 ||     8
       Scroll            |       |       |       |     1 ||     1
 Stab: Sleeping          |     2 |     1 |    11 |    14 ||    28
       Confused          |     1 |       |     3 |     5 ||     9
       Invisible         |       |       |       |     4 ||     4
Armor: Robe              |     2 |       |       |       ||     2
Dodge: Dodged            |    15 |     1 |     1 |    13 ||    30
